 Dungeon Sprint DCSS version 0.29-a0-221-gceb61267dd (webtiles) character file.

Game seed: 12623216436532809748

4853 mhtbhm the Bludgeoner (level 10, -1/153 HPs)
             Began as a Minotaur Fighter on Feb 26, 2022.
             Was an Initiate of Gozag.
             Slain by a vampire knight
             ... wielding a +2 long sword of flaming
              (4 damage)
             ... while paralysed by a vampire knight
             ... in the Dungeon (Sprint VII: "The Pits").
             The game lasted 00:03:16 (1877 turns).

mhtbhm the Bludgeoner (Minotaur Fighter)            Turns: 1877, Time: 00:03:17

Health: -1/153     AC: 28    Str: 25    XL:     10   Next: 25%
Magic:  9/9        EV:  2    Int:  5    God:    Gozag
Gold:   2082       SH:  0    Dex: 13    Spells: 9/9 levels left

rFire   + . .      SeeInvis .   a - +2 morningstar (protect)
rCold   + . .      Faith    .   c - +0 buckler
rNeg    . . .      Spirit   .   (body armour currently unavailable)
rPois   +          Reflect  .   (helmet currently unavailable)
rElec   +          Harm     .   (cloak currently unavailable)
rCorr   +          Rampage  .   (gloves currently unavailable)
Will    .....      NoTele   +   (boots currently unavailable)
Stlth   +.........              (no amulet)
HPRegen 0.35/turn               o - +3 ring of dexterity
MPRegen 0.11/turn               p - +3 ring of protection

@: paralysed, mighty, tree-form (expiring), resistant, gold aura
A: stationary, stasis, torment immunity, boosted hp, (horns 2), (retaliatory
headbutt)
a: End Transformation, Renounce Religion, Potion Petition, Call Merchant, Bribe
Branch


You were in the Dungeon.
You worshipped Gozag.
Gozag was most pleased with you.
You were a tree.
You visited 1 branch You collected 2439 gold pieces.
You paid 357 gold pieces to Gozag.

Inventory:

Hand Weapons
 a - a +2 morningstar of protection (weapon)
Armour
 b - a +4 chain mail (melded)
 c - a +0 buckler (worn)
Jewellery
 o - a +3 ring of dexterity (left branch)
 p - a +3 ring of protection (right branch)
Scrolls
 l - 5 scrolls of amnesia
 m - a scroll of summoning
Potions
 d - a potion of might
 e - 9 potions of curing
 f - 4 potions of heal wounds
 g - 2 potions of haste
 h - 4 potions of magic
 i - a potion of berserk rage
 k - 2 potions of invisibility
 q - a potion of brilliance


   Skills:
 + Level 13.8 Fighting
 + Level 16.4 Maces & Flails
 + Level 15.5 Armour
 + Level 4.8 Dodging
 + Level 0.5 Stealth
 + Level 12.5 Shields


You had 9 spell levels left.
You didn't know any spells.
Your spell library was empty.

Dungeon Overview and Level Annotations

Branches:
Dungeon (1/1)

Altars:
Ashenzari
Cheibriados
Dithmenos
Elyvilon
Fedhas
Gozag
Hepliaklqana
Kikubaaqudgha
Makhleb
Nemelex Xobeh
Okawaru
Qazlal
Ru
Sif Muna
Trog
Uskayaw
Vehumet
Wu Jian
Xom
Yredelemnul
Zin
The Shining One
Beogh
Jiyva
Lugonu


Innate Abilities, Weirdness & Mutations

You are a tree.
Your roots penetrate the ground, keeping you stationary.
You cannot be teleported.
You are immune to unholy pain and torment.
Your maximum health is greatly increased.
Your equipment is partially melded.
((You have a pair of horns on your head.))
((You reflexively headbutt those who attack you in melee.))


Message History

Something hits you but does no damage. Something bites you but does no damage.
Something hits you!
* * * LOW HITPOINT WARNING * * *
Something burns you.
* * * LOW HITPOINT WARNING * * *
Something bites you!
* * * LOW HITPOINT WARNING * * *
The basilisk is no longer distracted by gold.
Something hits you.
* * * LOW HITPOINT WARNING * * *
Something burns you. Something bites you but does no damage.
Something hits you but does no damage. Something bites you but does no damage.
The basilisk bites you but does no damage.
The komodo dragon bites you!
* * * LOW HITPOINT WARNING * * *
Something hits you!
* * * LOW HITPOINT WARNING * * *
Something bites you but does no damage.
The basilisk bites you but does no damage.
The komodo dragon is distracted by your dazzling golden aura.
The komodo dragon hisses angrily.
Something hits you!!
* * * LOW HITPOINT WARNING * * *
Something bites you but does no damage. Something hits you but does no damage.
Something completely misses you. The basilisk gazes at you.
You resist with some effort.
You turn to wood and can move again.
You feel much better.
You hear some strange, mumbled words.
You suddenly lose the ability to move!
The basilisk bites you but does no damage.
The komodo dragon is no longer distracted by gold.
Something hits you but does no damage. Something completely misses you.
The komodo dragon bites you but does no damage.
Something hits you!!
* * * LOW HITPOINT WARNING * * *
Something burns you.
You die...
Your body crumbles into a pile of gold.

'#####......#..#......#
....##................#
###'#####'#####''######
....##.......##''########
....##.......##......'..+
#'####.......##......'..+
....##...<...##.....##..## #
....##.......##.ll###....### .#
....##.......##.♣##○.......## .##
######.......##$$#...#D.#...#....
.#..###########..)..§.B)...D$.l..
.#.############++#..{#..#.§.#°...
.#)#....#..[[##..##........## .##
.#'#)...#..[[##...###....### .#
.#.'....'..))##.....##..## #
.#)#)...#..))# #.....'..'.
.).#....#..))# ###...'..'..


You could see a komodo dragon and a basilisk.

Vanquished Creatures
  Erica (D)
  A swamp dragon (D)
  A deep elf zephyrmancer (D)
  A deep elf pyromancer (D)
  3 black mambas (D)
  A molten gargoyle (D)
  A polar bear (D)
  A flying skull (D)
  A basilisk (D)
  A redback (D)
  Menkaure (D)
  A steam dragon (D)
  A swamp drake (D)
  2 floating eyes (D)
  Pargi (D)
  A sky beast (D)
  A necrophage (D)
  An earth elemental (D)
  2 hounds (D)
  An orc priest (D)
  An iguana (D)
  Ijyb (D)
  A gnoll (D)
  An adder (D)
  A worm (D)
  A bat (D)
  3 giant cockroaches (D)
  2 goblins (D)
  2 jackals (D)
  A quokka (D)
  A frilled lizard (D)
39 creatures vanquished.

Notes
Turn   | Place    | Note
-------+----------+-------------------------------------------
     0 | D        | mhtbhm the Minotaur Fighter began the quest for the Orb.
     0 | D        | Reached XP level 1. HP: 19/19 MP: 0/0
    22 | D        | Found a bloodstained altar of Trog.
    22 | D        | Found a shimmering blue altar of Sif Muna.
    22 | D        | Found a viscous altar of Jiyva.
    22 | D        | Found a hazy altar of Hepliaklqana.
    22 | D        | Found an opulent altar of Gozag.
    23 | D        | Found a glowing golden altar of the Shining One.
    23 | D        | Found a glowing silver altar of Zin.
    23 | D        | Found a basalt altar of Yredelemnul.
    23 | D        | Found a shimmering altar of Xom.
    23 | D        | Found an ornate altar of the Wu Jian Council.
    23 | D        | Found a sacrificial altar of Ru.
    23 | D        | Found a stormy altar of Qazlal.
    23 | D        | Found an iron altar of Okawaru.
    23 | D        | Found a sparkling altar of Nemelex Xobeh.
    23 | D        | Found a burning altar of Makhleb.
    23 | D        | Found a blossoming altar of Fedhas.
    23 | D        | Found a white marble altar of Elyvilon.
    23 | D        | Found a shadowy altar of Dithmenos.
    23 | D        | Found a snail-covered altar of Cheibriados.
    25 | D        | Found a radiant altar of Vehumet.
    25 | D        | Found a corrupted altar of Lugonu.
    27 | D        | Found an ancient bone altar of Kikubaaqudgha.
    27 | D        | Found a hide-covered altar of Uskayaw.
    27 | D        | Found a broken altar of Ashenzari.
    30 | D        | Became a worshipper of Gozag Ym Sagoz the Greedy
    75 | D        | Noticed a floating eye
    76 | D        | Paralysed by a floating eye for 2 turns
    79 | D        | Killed a floating eye
    80 | D        | Reached skill level 4 in Maces & Flails
    80 | D        | Reached XP level 2. HP: 34/34 MP: 1/1
    80 | D        | Reached XP level 3. HP: 39/39 MP: 2/2
    80 | D        | Reached XP level 4. HP: 47/47 MP: 3/3
    89 | D        | Noticed a floating eye
    92 | D        | Killed a floating eye
    93 | D        | Reached XP level 5. HP: 56/56 MP: 4/4
   102 | D        | Noticed a necrophage
   118 | D        | Killed a necrophage
   119 | D        | Reached skill level 5 in Maces & Flails
   119 | D        | Reached XP level 6. HP: 62/64 MP: 5/5
   195 | D        | Noticed a sky beast
   222 | D        | Killed a sky beast
   223 | D        | Reached skill level 10 in Fighting
   223 | D        | Reached skill level 6 in Maces & Flails
   360 | D        | Noticed Pargi
   371 | D        | Reached skill level 7 in Maces & Flails
   376 | D        | Reached skill level 10 in Armour
   393 | D        | Killed Pargi
   394 | D        | Reached XP level 7. HP: 63/73 MP: 6/6
   459 | D        | Noticed a molten gargoyle
   468 | D        | Killed a molten gargoyle
   469 | D        | Reached skill level 9 in Maces & Flails
   469 | D        | Reached skill level 1 in Dodging
   469 | D        | Reached skill level 10 in Shields
   721 | D        | Noticed Menkaure
   721 | D        | Noticed Ijyb
   721 | D        | Noticed a flying skull
   735 | D        | Killed a flying skull
   736 | D        | Reached skill level 10 in Maces & Flails
   736 | D        | Reached XP level 8. HP: 40/82 MP: 7/7
   737 | D        | Killed Ijyb
   741 | D        | Killed Menkaure
   972 | D        | Noticed a deep elf zephyrmancer
   972 | D        | Noticed a deep elf pyromancer
   995 | D        | Killed a deep elf pyromancer
   996 | D        | Reached skill level 12 in Maces & Flails
  1000 | D        | Killed a deep elf zephyrmancer
  1001 | D        | Reached skill level 13 in Maces & Flails
  1001 | D        | Reached XP level 9. HP: 63/91 MP: 8/8
  1358 | D        | Noticed a polar bear
  1359 | D        | Noticed a black mamba
  1364 | D        | Killed a polar bear
  1370 | D        | Killed a black mamba
  1371 | D        | Reached skill level 14 in Maces & Flails
  1555 | D        | Noticed Erica
  1565 | D        | Killed Erica
  1566 | D        | Reached skill level 15 in Maces & Flails
  1602 | D        | Noticed a black mamba
  1602 | D        | Noticed a black mamba
  1610 | D        | Killed a black mamba
  1616 | D        | Killed a black mamba
  1617 | D        | Reached skill level 15 in Armour
  1617 | D        | Reached XP level 10. HP: 59/101 MP: 9/9
  1623 | D        | Reached skill level 16 in Maces & Flails
  1827 | D        | Noticed a swamp dragon
  1827 | D        | Noticed a vampire knight
  1857 | D        | Killed a swamp dragon
  1876 | D        | Paralysed by something for 3 turns
  1877 | D        | HP: 3/153 [something (21)]
  1877 | D        | Slain by a vampire knight

Illustrated notes

Levels and vault maps discovered:
D:        pitsprint [storerooms_1, entrance_room_1, metal_vault_4, armoury_2,
          mini_pit_1, grid_room_1, main_hall_1, silver_pit, the_coven_1,
          the_vestibule_1, steel_vault_4, golden_pit, hallway_of_sentries,
          crystal_vault_5, iron_vault_2, final_vault]

Skill      XL: |  1  2  3  4  5  6  7  8  9 10 |
---------------+-------------------------------+-----
Fighting       | 7 8 9 10 11 12 13 | 13.8
Armour         | 7 8 9 10 11 12 15 | 15.5
Shields        | 6 8 9 10 11 12 | 12.5
Maces & Flails | 4 5 7 10 13 15 16 | 16.4
Dodging        | 1 2 4 |  4.8
Stealth        | |  0.5

Action                   |  1- 3 |  4- 6 |  7- 9 | 10-12 || total
-------------------------+-------+-------+-------+-------++-------
Melee: Mace              |     4 |    65 |    49 |       ||   118
       Flail             |     3 |       |       |       ||     3
       Headbutt          |     1 |     7 |    13 |     3 ||    24
       Morningstar       |       |       |    43 |    23 ||    66
Invok: Potion Petition   |       |       |       |     1 ||     1
Evoke: Wand              |       |       |       |     2 ||     2
  Use: Potion            |       |       |     6 |     5 ||    11
       Scroll            |       |       |       |     1 ||     1
Armor: Scale mail        |     2 |    15 |       |       ||    17
       Chain mail        |       |    33 |    53 |     4 ||    90
       Skin              |       |       |       |    35 ||    35
Dodge: Dodged            |     2 |    27 |    24 |     2 ||    55
Block: Buckler           |     2 |    11 |    20 |     4 ||    37

Table legend: (Time is in decaauts)
 A = Elapsed time spent in this place.
 B = Non-inter-level travel time spent in this place.
 C = Inter-level travel time spent in this place.
 D = Time resting spent in this place.
 E = Time spent auto-exploring this place.
 F = Levels seen in this place.
 G = Mean time per level.
                   A        B        C        D        E       F      G
               +--------+--------+--------+--------+--------+-----+--------+
         Total |   1888 |   1888 |      0 |   1240 |     84 |   1 | 1888.0 |
       Dungeon |   1888 |   1888 |      0 |   1240 |     84 |   1 | 1888.0 |
               +--------+--------+--------+--------+--------+-----+--------+

Top non-repeatable levels by time:
       D: 1888 daAuts
